 Dungeon Crawl Stone Soup version 0.21.1-1-g345015fe64 (webtiles) character file.

7291 Peloso the Carver (level 10, 0/88 HPs)
             Began as a Minotaur Fighter on June 3, 2018.
             Was an Elder of Okawaru.
             Killed by vampiric draining
             ... invoked by a vampire
              (14 damage)
             ... on level 10 of the Dungeon.
             The game lasted 00:25:00 (9872 turns).

Peloso the Carver (Minotaur Fighter)                Turns: 9872, Time: 00:25:00

Health: 0/88       AC: 20    Str: 24    XL:     10   Next: 89%
Magic:  16/18      EV: 11    Int:  2    God:    Okawaru [****..]
Gold:   772        SH: 14    Dex: 12    Spells: 9/9 levels left

rFire    + . .     SeeInvis .   a - +4 long sword
rCold    . . .     Gourm    .   c - +0 shield
rNeg     . . .     Faith    .   L - +0 plate armour
rPois    +         Spirit   .   (helmet restricted)
rElec    .         Reflect  .   o - +0 cloak
rCorr    .         Harm     .   (no gloves)
MR       .....                  H - +1 pair of boots of Panentheism {rPois rF+ Regen+ Int-3}
Stlth    ..........             (no amulet)
HPRegen  0.64/turn              J - +2 ring of strength
MPRegen  0.16/turn              x - ring of magical power

@: heroism
A: retaliatory headbutt, horns 2
a: Heroism, Renounce Religion


You were on level 10 of the Dungeon.
You worshipped Okawaru.
Okawaru was greatly pleased with you.
You were not hungry.

You visited 1 branch of the dungeon, and saw 10 of its levels.
You also visited: Ossuary.

You collected 772 gold pieces.

Inventory:

Hand Weapons
 a - a +4 long sword (weapon)
 E - a +0 hand crossbow
 T - a +1 spear
Missiles
 g - 93 bolts
 D - 2 exploding tomahawks (quivered)
Armour
 c - a +0 shield (worn)
 l - a +0 chain mail
 o - a +0 cloak (worn)
 H - the +1 pair of boots of Panentheism (worn) {rPois rF+ Regen+ Int-3}
   (You found it on level 6 of the Dungeon)

   It affects your intelligence (-3).
   It protects you from fire.
   It protects you from poison.
   It increases your rate of regeneration.
 L - a +0 plate armour (worn)
Jewellery
 h - a +3 ring of intelligence
 x - a ring of magical power (right hand)
 C - an uncursed ring of positive energy
 I - an uncursed ring of positive energy
 J - a +2 ring of strength (left hand)
 K - an uncursed ring of stealth {unknown}
 S - an uncursed ring of magical power
 U - a +4 ring of intelligence
Wands
 i - a wand of iceblast (25)
 n - a wand of digging (19)
 w - a wand of flame (15)
 y - a wand of clouds (3)
 F - a wand of disintegration (14)
 G - a wand of paralysis (7)
Scrolls
 b - 3 scrolls of identify
 m - a scroll of summoning {unknown}
 p - 6 scrolls of amnesia
 t - a scroll of enchant armour {unknown}
 u - a scroll of fear
 A - 8 scrolls of remove curse
 R - a scroll of teleportation
 W - a scroll of blinking {unknown}
 X - a scroll of noise {unknown}
Potions
 d - 2 potions of might
 e - a potion of brilliance
 j - 3 potions of flight
 k - 3 potions of ambrosia
 q - a potion of agility
 r - 2 potions of curing
 s - a potion of cancellation
 v - a potion of resistance {unknown}
 z - 2 potions of degeneration {unknown}
 B - a potion of mutation {unknown}
 M - a potion of berserk rage {unknown}
 N - 2 potions of haste {unknown}
 O - a potion of magic {unknown}
 P - a potion of heal wounds {unknown}
 Q - a potion of invisibility {unknown}
Books
 V - a book of Flames

   Spells                             Type                      Level
   a - Flame Tongue                   Conjuration/Fire             1
   b - Throw Flame                    Conjuration/Fire             2
   c - Conjure Flame                  Conjuration/Fire             3
   d - Inner Flame                    Hexes/Fire                   3
   e - Sticky Flame                   Conjuration/Fire             4
   f - Fireball                       Conjuration/Fire             5
Comestibles
 f - 15 rations
 Y - 3 chunks of flesh


   Skills:
 + Level 8.1(13.1) Fighting
 + Level 12.2(17.2) Long Blades
 + Level 9.5(14.5) Armour
 + Level 3.4(8.4) Dodging
 + Level 0.8(5.8) Stealth
 + Level 10.7(15.7) Shields
 + Level 0.1 Invocations
 + Level 0.9 Evocations


You had 9 spell levels left.
You didn't know any spells.

Dungeon Overview and Level Annotations

Branches:
Dungeon (10/15)            Temple (0/1) D:6            Lair (0/6) D:9
    Orc: D:9-12

Altars:
Okawaru
Zin

Shops:
D:9 ((::


Innate Abilities, Weirdness & Mutations

You reflexively headbutt those who attack you in melee.
You have a pair of horns on your head.


Message History

Something draws strength from your injuries!
You hit something but do no damage. You headbutt something.
You hear some strange, mumbled words.
Something tries to affect you, but you resist.
You closely miss something. You hit something but do no damage.
Something hits you but does no damage. Something bites you.
Something draws strength from your injuries!
You hit something. Something hits you but does no damage.
Something bites you but does no damage.
You slash something! Your headbutt misses something.
Unholy energy fills the air.
You closely miss something.
Unholy energy fills the air.
* * * LOW HITPOINT WARNING * * *
You slash something! You headbutt something.
You gain the combat prowess of a mighty hero.
Unholy energy fills the air.
* * * LOW HITPOINT WARNING * * *
You miss something.
Unholy energy fills the air.
You die...

# #. ##+#######
###.### #........#
.......###.....<^.#
.......#.'........#
.......#.#........#
......{@.#........#
.......###........#
####.## #........#
#..## #........#
..# #######'## #.#
#..## #######.##
##..# #........###
##.# ###..........#
######.###


There were no monsters in sight!

Vanquished Creatures
  A two-headed ogre (D:9)
  The ghost of gouglew the Grappler, a novice TrFi of Wu Jian (D:8)
  The ghost of Snarbu88 the Cudgeler, a novice GrFi (D:4)
  4 hippogriffs
  Sigmund (D:3)
  A human (D:9)
  Eustachio (D:6)
  Grum (D:10)
  3 porcupines (D:9)
  2 orc warriors (D:7)
  4 sky beasts
  2 black bears (D:9)
  4 ice beasts
  A necrophage (D:6)
  A phantom (D:4)
  2 ogres
  2 wolves (D:10)
  3 centaurs
  A crocodile (D:9)
  5 bullfrogs
  2 scorpions
  4 wights (D:7)
  2 howler monkeys
  4 electric eels (D:3)
  2 crimson imps
  A jelly (D:8)
  5 orc priests
  13 orc wizards
  Crazy Yiuf (D:2)
  4 hounds
  2 bullfrog skeletons
  Ijyb (D:5)
  An iguana (D:7)
  Natasha (thrice) (D:3)
  4 worker ants
  2 big kobold zombies (Ossuary)
  A hound zombie (D:6)
  8 mummies (Ossuary)
  A worker ant zombie (D:10)
  14 gnolls
  10 adders
  A shadow imp (D:6)
  An adder zombie (D:6)
  2 adder skeletons
  A worm (D:3)
  A dart slug (D:1)
  4 leopard geckos
  31 orcs
  6 giant cockroaches
  A gnoll zombie (Ossuary)
  4 goblins
  8 hobgoblins
  5 quokkas
  3 ball pythons
  6 bats
  10 frilled lizards
  A jackal skeleton (D:9)
  7 kobolds
  2 kobold zombies (Ossuary)
  3 orc zombies (Ossuary)
  7 rats
  2 fungi (D:9)
232 creatures vanquished.

Vanquished Creatures (others)
  A frilled lizard (D:1)
  4 fungi (D:9)
  A plant (D:9)
6 creatures vanquished.

Grand Total: 238 creatures vanquished

Notes
Turn   | Place    | Note
-------+----------+-------------------------------------------
     0 | D:1      | Peloso the Minotaur Fighter began the quest for the Orb.
     0 | D:1      | Reached XP level 1. HP: 19/19 MP: 0/0
   186 | D:1      | Reached XP level 2. HP: 21/27 MP: 1/1
  1070 | D:2      | Reached XP level 3. HP: 33/33 MP: 2/2
  1114 | D:2      | Found a runed door.
  1399 | D:2      | Found a faded altar of an unknown god.
  1702 | D:2      | Noticed Crazy Yiuf
  1705 | D:2      | Killed Crazy Yiuf
  1705 | D:2      | Reached skill level 3 in Long Blades
  1778 | D:3      | Reached XP level 4. HP: 35/40 MP: 3/3
  1797 | D:3      | Noticed Sigmund
  1818 | D:3      | Killed Sigmund
  1818 | D:3      | Reached skill level 4 in Long Blades
  1818 | D:3      | Reached skill level 1 in Dodging
  1818 | D:3      | Reached skill level 5 in Shields
  1818 | D:3      | Reached XP level 5. HP: 33/47 MP: 4/4
  1861 | D:3      | Reached XP level 6. HP: 29/53 MP: 5/5
  1869 | D:3      | Reached skill level 5 in Armour
  2156 | D:3      | Noticed Natasha
  2162 | D:3      | Killed Natasha
  2162 | D:3      | Reached skill level 5 in Long Blades
  2205 | D:3      | Found a transporter.
  2335 | D:3      | Noticed Natasha
  2353 | D:3      | Killed Natasha
  2465 | D:3      | Noticed Natasha
  2471 | D:3      | Killed Natasha
  2475 | D:3      | Found a transporter.
  2528 | D:3      | Reached XP level 7. HP: 33/60 MP: 6/6
  3137 | D:3      | Reached skill level 6 in Long Blades
  3138 | D:3      | Reached skill level 5 in Fighting
  3534 | D:4      | Noticed Snarbu88's ghost (novice GrFi)
  4458 | D:4      | Killed Snarbu88's ghost
  4458 | D:4      | Reached XP level 8. HP: 34/70 MP: 7/7
  4490 | D:5      | Entered Level 5 of the Dungeon
  4546 | D:5      | Reached skill level 7 in Long Blades
  4947 | D:5      | Found an iron altar of Okawaru.
  4950 | D:5      | Became a worshipper of Warmaster Okawaru
  5560 | D:5      | Noticed Ijyb
  5566 | D:5      | Killed Ijyb
  5621 | D:5      | Reached skill level 8 in Long Blades
  5957 | D:6      | Noticed Eustachio
  5996 | D:6      | Killed Eustachio
  5996 | D:6      | Reached XP level 9. HP: 68/75 MP: 8/8
  6116 | D:6      | Reached * piety under Okawaru
  6170 | D:6      | Reached skill level 9 in Long Blades
  6417 | D:6      | Got a pair of ancient boots
  6423 | D:6      | Identified the +1 pair of boots of Panentheism {rPois rF+ Regen+ Int-3} (You found it on level 6 of the Dungeon)
  6562 | D:6      | Found a staircase to the Ecumenical Temple.
  7343 | D:7      | Found a sand-covered staircase.
  7348 | Ossuary  | Entered an ossuary
  7368 | Ossuary  | Reached skill level 10 in Long Blades
  8083 | D:8      | Noticed gouglew's ghost (novice TrFi)
  8093 | D:8      | Reached ** piety under Okawaru
  8099 | D:8      | Found a glowing silver altar of Zin.
  8209 | D:8      | Killed gouglew's ghost
  8209 | D:8      | Reached XP level 10. HP: 30/86 MP: 9/9
  8336 | D:8      | Reached skill level 11 in Long Blades
  8835 | D:9      | Reached *** piety under Okawaru
  8851 | D:9      | Reached skill level 10 in Shields
  8950 | D:9      | Found a staircase to the Lair.
  9262 | D:9      | Noticed a two-headed ogre
  9270 | D:9      | Killed a two-headed ogre
  9270 | D:9      | Reached skill level 12 in Long Blades
  9498 | D:9      | Found Fiohuhoz's Weapon Shop.
  9498 | D:9      | Found Fusiel's Book Shop.
  9502 | D:9      | Found Wusiol's Weapon Shop.
  9503 | D:9      | Found Semiull's Book Shop.
  9752 | D:10     | Entered Level 10 of the Dungeon
  9753 | D:10     | Noticed Grum
  9757 | D:10     | Reached **** piety under Okawaru
  9766 | D:10     | Killed Grum
  9872 | D:10     | Killed from afar by a vampire

Skill      XL: |  1  2  3  4  5  6  7  8  9 10 |
---------------+-------------------------------+-----
Shields        | 4 5 6 7 9 10 | 10.7
Fighting       | 4 5 6 7 8 |  8.1
Long Blades    | 3 4 5 6 8 10 12 | 12.2
Armour         | 4 5 6 7 8 9 |  9.5
Dodging        | 1 2 3 |  3.4
Stealth        | |  0.8
Invocations    | |  0.1
Evocations     | |  0.9

Action                   |  1- 3 |  4- 6 |  7- 9 | 10-12 || total
-------------------------+-------+-------+-------+-------++-------
Melee: Long sword        |    76 |   113 |   397 |   162 ||   748
       Headbutt          |     6 |    21 |   102 |    41 ||   170
Invok: Heroism           |       |       |     1 |     1 ||     2
Evoke: Wand              |       |       |     8 |     1 ||     9
  Use: Scroll            |     3 |       |     5 |     7 ||    15
       Potion            |     1 |       |     1 |       ||     2
  Eat: Chunk             |     3 |     2 |    14 |     7 ||    26
       Ration            |       |       |     1 |       ||     1
Armor: Scale mail        |    31 |       |       |       ||    31
       Chain mail        |    14 |    72 |    95 |       ||   181
       Plate armour      |       |       |    58 |    88 ||   146
Dodge: Dodged            |    23 |    37 |    71 |    30 ||   161
Block: Shield            |    42 |    68 |   199 |    88 ||   397
       Rpst.: Long sword |     7 |     7 |    23 |     6 ||    43
